 Dungeon Crawl Stone Soup version 0.31-a0-237-g2d982f9f85 (webtiles) character file.

Game seed: 17218031769193760794

6479 spiderkeys the Fighter (level 10, -13/83 HPs)
             Began as a Demonspawn Gladiator on July 11, 2023.
             Was an Elder of Jiyva.
             Mangled by a komodo dragon (18 damage)
             ... on level 10 of the Dungeon.
             The game lasted 00:20:37 (8936 turns).

spiderkeys the Fighter (Demonspawn Gladiator)       Turns: 8936, Time: 00:20:37

Health: -13/83     AC: 10    Str: 26    XL:     10   Next: 68%
Magic:  1/10       EV: 14    Int:  9    God:    Jiyva [****..]
Gold:   760        SH: 10    Dex: 12    Spells: 9/9 levels left

rFire   . . .        a - +0 trident (freeze)
rCold   . . .        R - +0 buckler
rNeg    + . .        w - +0 acid dragon scales
rPois   +            (helmet restricted)
rElec   .            n - +1 cloak {rPois}
rCorr   +            (no gloves)
SInv    .            h - +1 pair of boots {Fly}
Will    .....        (no amulet)
Stlth   +            N - ring of positive energy
HPRegen 1.61/turn    (no ring)
MPRegen 0.52/turn

%: no passive effects
@: slimy, flying
A: hooves 2, large bone plates 2, demonic guardian 1, spiny 1, horns 2, strong
2, tendrils, jelly sensing items, noise suppression
a: Renounce Religion, Oozemancy, Slimify


You were on level 10 of the Dungeon.
You worshipped Jiyva.
Jiyva was greatly pleased with you.
You visited 2 branches of the dungeon, and saw 11 of its levels.
You also visited: Sewer and Bailey.

You collected 760 gold pieces.


Innate Abilities, Weirdness & Mutations

You have hoof-like feet.
You are mostly covered in large bone plates. (SH +6)
A weak demonic guardian rushes to your aid.
You are partially covered in sharp spines.
You have a pair of horns on your head.
Your muscles are very strong. (Str +8, Int/Dex -2)
You are covered in slimy tendrils that may disarm your opponents.
You have a small jelly attached to you that senses nearby items.
You passively dampen the noise of your surroundings.


   Skills:
 + Level 9.4 Fighting
 + Level 8.8 Polearms
 - Level 3.0 Throwing
 + Level 8.8 Dodging
 + Level 3.0 Shields


You had 9 spell levels left.
You didn't know any spells.
Your spell library contained the following spells:

 Spells                   Type           Power      Damage    Failure   Level
 Apportation              Tloc           0%         N/A       52%         1
 Kiss of Death            Conj/Necr      0%         2d5       52%         1
 Confusing Touch          Hex            0%         N/A       87%         3
 Ozocubu's Armour         Ice            0%         N/A       87%         3
 Dispel Undead            Necr           0%         3d6       99%         4
 Alistair's Intoxication  Tmut/Pois      0%         N/A       100%        5
 Ozocubu's Refrigeration  Ice            0%         4d7       100%        7

Inventory:

Hand Weapons
 a - a +0 trident of freezing (weapon)
 r - a +1 hand axe of electrocution
   (You found it on level 3 of the Dungeon)
Missiles
 d - 4 throwing nets {=f!f}
 f - 72 stones
 o - 6 poisoned darts
 W - 27 boomerangs (quivered)
Armour
 e - a +0 robe
   (You took it off an orc wizard on level 9 of the Dungeon)
 h - a +1 pair of boots of flying (worn)
   (You found it in a bailey)
 i - a +0 robe
   (You took it off an orc wizard on level 9 of the Dungeon)
 l - the +1 robe "Uggyudir" {rElec rF+ Dex-3}
   (You found it on level 2 of the Dungeon)

   Dex:       It affects your dexterity (-3).
   rF:        It protects you from fire.
   rElec:     It insulates you from electricity.
 m - a +0 plate armour
   (You took it off an orc warrior on level 9 of the Dungeon)
 n - a +1 cloak of poison resistance (worn)
   (You took it off Crazy Yiuf on level 7 of the Dungeon)
 p - a +0 leather armour
   (You took it off an orc on level 9 of the Dungeon)
 q - a +2 leather armour of fire resistance
   (You took it off an orc on level 9 of the Dungeon)
 s - a +0 plate armour
   (You took it off an orc warrior on level 9 of the Dungeon)
 t - a +0 robe
   (You took it off an orc wizard on level 9 of the Dungeon)
 w - +0 acid dragon scales (worn)
   (You found it on level 9 of the Dungeon)
 x - a +0 ring mail
   (You found it on level 10 of the Dungeon)
 R - a +0 buckler (worn)
   (You took it off a gnoll sergeant on level 8 of the Dungeon)
Jewellery
 L - a ring of flight
   (You took it off an orc in a bailey)
 N - a ring of positive energy (left hand)
   (You found it on level 3 of the Dungeon)
 T - an amulet of faith {!P}
   (You found it on level 2 of the Dungeon)
Wands
 b - a wand of light (2)
   (You found it on level 9 of the Dungeon)
 y - a wand of mindburst (11)
   (You found it on level 8 of the Dungeon)
 I - a wand of flame (1)
   (You took it off Ijyb on level 4 of the Dungeon)
Scrolls
 g - a scroll of amnesia
 A - a scroll of vulnerability {!r!r}
 H - a scroll of torment {!r}
 P - a scroll of fog
Potions
 c - 2 potions of heal wounds {@q2}
 j - 3 potions of lignification {unknown}
 k - 2 potions of mutation {unknown}
 u - 3 potions of enlightenment
 v - a potion of magic {unknown}
 z - a potion of haste {unknown}
 G - a potion of might {unknown}
 M - a potion of cancellation {unknown}
 Q - 2 potions of resistance {unknown}

Dungeon Overview and Level Annotations

Branches:
Dungeon (10/15) Zot: 26956  Temple (1/1) D:6 Zot: 5921     Orc (0/2) D:9
  Sewer (visited)          Bailey (visited)
   Lair: D:8-11

Altars:
Ashenzari
Cheibriados
Hepliaklqana
Nemelex Xobeh
Qazlal
Trog
Uskayaw
Vehumet
Wu Jian
Xom

Shops:
D:1 [   D:3 =

Annotations:
D:10 Snorg

....
#####........((.(#
........ .....(..#
....... ......(.#
.....# #......#
.....+ #....(.#
#....# #......#
#....# #....lT#
#....######....5@#
.................#
.................#
........<........###
...#####'####......#
...'........#......#
##.#........#......#
#.#........#......#
#.#........#......#


You could see Snorg (berserk, very poisoned), a komodo dragon (poisoned, ally
target) and a friendly ufetubus (summoned).


Message History

Done exploring.
Done exploring.
Done exploring.
You see here a +0 battleaxe.
There is an escape hatch in the floor here.
You see here an acid dragon skeleton.
There is a stone staircase leading down here.
You fly downwards.
There is a stone staircase leading up here.
x - a +0 ring mail You reach down and open the door.
There is an open door here.
Key pressed, stopping explore.
You reach down and open the door.
There is an open door here.
Snorg the Insatiable comes into view.
Snorg shouts!
You see here 6 stones.
Throw: 12 darts (poison)
Press: ? - help, Shift-Dir - straight line, f - Snorg
Aim: Snorg (63% to hit)
You throw a poisoned dart. The poisoned dart closely misses Snorg.
Throw: 11 darts (poison)
Press: ? - help, Shift-Dir - straight line, f/p - Snorg
Aim: Snorg (63% to hit)
You throw a poisoned dart. The poisoned dart hits Snorg.
Snorg is poisoned.
Throw: 10 darts (poison)
Press: ? - help, Shift-Dir - straight line, f/p - Snorg
Aim: Snorg (poisoned, 63% to hit)
You throw a poisoned dart. The poisoned dart hits Snorg.
Snorg looks even sicker.
A komodo dragon comes into view.
Throw: 9 darts (poison)
Press: ? - help, Shift-Dir - straight line, f/p - Snorg
Aim: Snorg (very poisoned, 63% to hit)
You throw a poisoned dart. The poisoned dart closely misses Snorg.
The poisoned dart hits the komodo dragon!
The komodo dragon is poisoned.
The komodo dragon hisses angrily.
Throw: 8 darts (poison)
Press: ? - help, Shift-Dir - straight line, f/p - Snorg
Aim: Snorg (very poisoned, 63% to hit)
You throw a poisoned dart. The poisoned dart hits Snorg.
Snorg looks even sicker.
Throw: 7 darts (poison)
Press: ? - help, Shift-Dir - straight line, f/p - Snorg
Aim: Snorg (very poisoned, 63% to hit)
You throw a poisoned dart. The poisoned dart barely misses Snorg.
Snorg goes berserk!
You reach to attack!
You hit Snorg. You freeze Snorg. You hit Snorg. You freeze Snorg.
You headbutt Snorg, but do no damage. Snorg bites you!!
Snorg claws you but does no damage. x2 😕 HP[-18]
You take 18 damage, and now have 65/83 hp.
MASSIVE DAMAGE!! (PAUSE)
You puncture Snorg! You freeze Snorg. Snorg is struck by your spines.
Snorg misses you. Snorg claws you. Snorg claws you!! 😮 HP[-18]
You take 18 damage, and now have 47/83 hp.
MASSIVE DAMAGE!! (PAUSE)
You puncture Snorg! You freeze Snorg. You headbutt Snorg!
Snorg completely misses you. You block Snorg's attack. Snorg barely misses you.
Snorg misses you. You block Snorg's attack. Snorg claws you!
* * * LOW HITPOINT WARNING * * *
😨 HP[-11]
You take 11 damage, and now have 36/83 hp.
Unknown command.
You completely miss Snorg. You block Snorg's attack. Snorg claws you.
* * * LOW HITPOINT WARNING * * *
Snorg claws you!
* * * LOW HITPOINT WARNING * * *
You block the komodo dragon's attack. 😨 HP[-11]
You take 11 damage, and now have 25/83 hp.
Unknown command.
Okay, then.
You feel much better. Snorg is struck by your spines. Snorg bites you!
* * * LOW HITPOINT WARNING * * *
Snorg claws you.
* * * LOW HITPOINT WARNING * * *
Snorg misses you. The komodo dragon bites you!
* * * LOW HITPOINT WARNING * * *
A demonic guardian appears!
You block Snorg's attack. x2; Snorg misses you. 😱 HP[-9]
You take 9 damage, and now have 16/83 hp.
Okay, then.
A thick mucus forms on your +0 trident of freezing.
Snorg misses you. Snorg closely misses you. You block Snorg's attack.
You block the komodo dragon's attack. 😱 HP[+2] MP[-5]
You regained 2 hp, and now have 18/83 hp.
You lost 5 mp, and now have 5/10 mp.
A thick mucus forms on your +0 trident of freezing.
You will no longer expel jellies when injured.
You block Snorg's attack. Snorg claws you!
* * * LOW HITPOINT WARNING * * *
You block Snorg's attack.
Your ufetubus barely misses the komodo dragon.
Your ufetubus hits the komodo dragon. The komodo dragon bites you!!
You die...

Skill      XL: |  1  2  3  4  5  6  7  8  9 10 |
---------------+-------------------------------+-----
Throwing       | 2 3 |  3.0
Polearms       | 3 4 5 6 8 |  8.8
Dodging        | 3 4 5 6 8 |  8.8
Fighting       | 3 5 6 8 9 |  9.4
Shields        | 3 |  3.0

Action                     |  1- 3 |  4- 6 |  7- 9 | 10-12 || total
---------------------------+-------+-------+-------+-------++-------
  Melee: Trident           |   104 |   165 |   329 |   208 ||   806
         Kick              |    12 |     2 |       |       ||    14
         Punch             |       |     1 |       |       ||     1
         Headbutt          |       |       |    32 |    38 ||    70
  Throw: Javelin           |       |     1 |       |       ||     1
         Boomerang         |       |       |    19 |       ||    19
         Dart              |       |       |     8 |     6 ||    14
 Invoke: Slimify           |       |       |       |     2 ||     2
  Evoke: Wand              |       |     3 |    10 |       ||    13
    Use: Scroll            |       |     1 |    10 |     3 ||    14
         Potion            |       |       |     5 |     1 ||     6
   Stab: Sleeping          |     2 |       |     1 |     3 ||     6
         Distracted        |       |       |     1 |       ||     1
 Armour: Leather armour    |    28 |       |       |       ||    28
         Ring mail         |     1 |    49 |    76 |    38 ||   164
         Acid dragon scale |       |       |       |     5 ||     5
  Dodge: Dodged            |    58 |    69 |   179 |    68 ||   374
  Block: Other             |       |       |    20 |     5 ||    25
         Buckler           |       |       |       |    65 ||    65

Levels and vault maps discovered:
D:1:      psy_arrival_terrarium, layout_loops_ring, serial_shops, shop
D:2:      minmay_recursive_quarters, layout_loops_corners,
          chequers_serial_rivers_micro_b, small_statue_intersection
D:3:      layout_basic, nicolae_hepliaklqana_monster_ancestors,
          cheibrodos_sewer_entry_bend, serial_shops, shop, minivault_4,
          minivault_19, dk_noncrumbling_3
D:4:      layout_basic, mainiacjoe_overflow_cross_hatched,
          nemelex_dance_club_becter, nzn_wu_jian_council_hall,
          kennysheep_cluttered_room, eino_tiny_chamber, uniq_ijyb, uniq_pikel
D:5:      layout_layer_cave, vehumet_crystals
D:6:      layout_rooms, minmay_temple_entry_tees, hangedman_decor_riveting,
          serial_bayou_pond_b, minmay_joined_circles
D:7:      corexii_shantytown, layout_loops_ring, enter_bailey_5, serial_demonic,
          serial_demonic_g, serial_demonic_f, serial_demonic_f,
          serial_demonic_b, serial_demonic_a, uniq_crazy_yiuf_cottage
D:8:      wad_river_or_something, layout_basic, amcnicky_altar_gilded
D:9:      layout_loops_ring, kennysheep_mini, minmay_orc_entry_temple_small
D:10:     layout_irregular_city, nicolae_overflow_hidden_temple, uniq_snorg
Temple:   nicolae_temple_superstar

Notes
Turn   | Place    | Note
-------+----------+-------------------------------------------
     0 | D:1      | spiderkeys the Demonspawn Gladiator began the quest for the
                  | Orb.
     0 | D:1      | Reached XP level 1. HP: 16/16 MP: 1/1
     0 | D:1      | magus.rc [v1.11.3]
   185 | D:1      | Found Uliph's Antique Armour Emporium.
   427 | D:1      | Reached skill level 2 in Throwing
   428 | D:1      | Gained mutation: You have large cloven feet. [demonic
                  | ancestry]
   428 | D:1      | Reached XP level 2. HP: 22/22 MP: 2/2
   891 | D:2      | Reached skill level 3 in Polearms
   891 | D:2      | Reached skill level 3 in Dodging
   891 | D:2      | Gained mutation: You are partially covered in sharp spines.
                  | [demonic ancestry]
   891 | D:2      | Reached XP level 3. HP: 28/28 MP: 3/3
   914 | D:2      | Identified the +1 robe "Uggyudir" {rElec rF+ Dex-3}
  1258 | D:2      | Gained mutation: A weak demonic guardian rushes to your
                  | aid. [demonic ancestry]
  1258 | D:2      | Reached XP level 4. HP: 34/34 MP: 4/4
  1887 | D:3      | Found Qaqi's Jewellery Shoppe.
  1927 | D:3      | Reached skill level 3 in Fighting
  2171 | D:3      | You add the spells Ozocubu's Armour and Ozocubu's
                  | Refrigeration to your library.
  2180 | D:3      | Found a glowing drain.
  2193 | Sewer    | Entered a sewer
  2307 | Sewer    | Reached XP level 5. HP: 41/41 MP: 5/5
  2348 | Sewer    | Reached skill level 3 in Throwing
  2376 | Sewer    | Found a viscous altar of Jiyva.
  2476 | Sewer    | Became a worshipper of Jiyva Joicwus the Shapeless
  2718 | D:3      | Reached XP level 6. HP: 32/48 MP: 6/6
  2896 | D:3      | Found a hazy altar of Hepliaklqana.
  3251 | D:4      | Found a sparkling altar of Nemelex Xobeh.
  3330 | D:4      | Reached * piety under Jiyva
  3490 | D:4      | Reached skill level 4 in Dodging
  3495 | D:4      | Noticed Pikel
  3502 | D:4      | Found a shimmering altar of Xom.
  3511 | D:4      | Noticed Ijyb
  3526 | D:4      | Killed Ijyb
  3527 | D:4      | Reached skill level 4 in Polearms
  3590 | D:4      | HP: 12/48 [lemure[Pikel] (2)]
  3591 | D:4      | Killed Pikel
  3592 | D:4      | Reached skill level 5 in Fighting
  3592 | D:4      | Gained mutation: You have hoof-like feet. [demonic
                  | ancestry]
  3592 | D:4      | Reached XP level 7. HP: 15/56 MP: 7/7
  3950 | D:4      | Reached ** piety under Jiyva
  4090 | D:4      | Found an ornate altar of the Wu Jian Council.
  4171 | D:5      | Entered Level 5 of the Dungeon
  4184 | D:5      | Reached skill level 5 in Polearms
  4184 | D:5      | Reached skill level 5 in Dodging
  4356 | D:5      | Found a radiant altar of Vehumet.
  4624 | D:5      | Reached XP level 8. HP: 55/63 MP: 8/8
  4811 | D:6      | Found a staircase to the Ecumenical Temple.
  4864 | D:6      | Reached *** piety under Jiyva
  4898 | D:6      | Reached skill level 6 in Fighting
  4899 | D:6      | HP: 10/64 [white imp/puff of frost (11)]
  4904 | Temple   | Entered the Ecumenical Temple
  4956 | Temple   | Reached skill level 6 in Polearms
  4956 | Temple   | Reached skill level 6 in Dodging
  5073 | D:6      | Gained mutation: You have a small jelly attached to you
                  | that senses nearby items. [Jiyva's grace]
  5073 | D:6      | Gained mutation: You expend magic power (3 MP) to
                  | strengthen your wands. [Jiyva's grace]
  5073 | D:6      | Gained mutation: You have a pair of small horns on your
                  | head. [Jiyva's grace]
  5073 | D:6      | Gained mutation: You have a pair of horns on your head.
                  | [Jiyva's grace]
  5475 | D:7      | Gained mutation: You are partially covered in large bone
                  | plates. (SH +4) [demonic ancestry]
  5475 | D:7      | Reached XP level 9. HP: 62/71 MP: 9/9
  5485 | D:7      | HP: 4/71 [orc warrior/+0 glaive (19)]
  5487 | D:7      | Reached skill level 7 in Fighting
  5723 | D:7      | Found a flagged portal.
  5732 | Bailey   | Entered a bailey
  5739 | Bailey   | Noticed an orc knight
  5839 | Bailey   | Reached **** piety under Jiyva
  5955 | Bailey   | Reached skill level 7 in Polearms
  5955 | Bailey   | Reached skill level 7 in Dodging
  5962 | Bailey   | HP: 7/72 [orc knight/+0 war axe (21)]
  5968 | Bailey   | Killed an orc knight
  5968 | Bailey   | HP: 15/72 [orc warrior/+0 war axe (21)]
  6033 | Bailey   | Reached skill level 8 in Fighting
  6820 | D:7      | Found a runed translucent door.
  6821 | D:7      | Noticed Crazy Yiuf
  6925 | D:7      | Killed Crazy Yiuf
  7219 | D:8      | Found a broken altar of Ashenzari.
  7419 | D:8      | Reached skill level 8 in Polearms
  7419 | D:8      | Reached skill level 8 in Dodging
  7419 | D:8      | Gained mutation: You are mostly covered in large bone
                  | plates. (SH +6) [demonic ancestry]
  7419 | D:8      | Reached XP level 10. HP: 82/82 MP: 10/10
  7803 | D:8      | Lost mutation: You expend magic power (3 MP) to strengthen
                  | your wands. [Jiyva's grace]
  7803 | D:8      | Gained mutation: Your muscles are strong. (Str +4, Int/Dex
                  | -1) [Jiyva's grace]
  7803 | D:8      | Gained mutation: Your muscles are very strong. (Str +8,
                  | Int/Dex -2) [Jiyva's grace]
  7803 | D:8      | Gained mutation: You are covered in slimy tendrils that may
                  | disarm your opponents. [Jiyva's grace]
  7803 | D:8      | Gained mutation: You passively dampen the noise of your
                  | surroundings. [Jiyva's grace]
  7985 | D:9      | Reached ***** piety under Jiyva
  8034 | D:9      | Reached skill level 1 in Shields
  8154 | D:9      | Noticed a two-headed ogre
  8167 | D:9      | Killed a two-headed ogre
  8168 | D:9      | Reached skill level 9 in Fighting
  8168 | D:9      | Reached skill level 2 in Shields
  8177 | D:9      | You pick up a book of Touch and begin reading...
  8177 | D:9      | You add the spells Kiss of Death, Confusing Touch and
                  | Dispel Undead to your library.
  8370 | D:9      | Found a snail-covered altar of Cheibriados.
  8756 | D:9      | You pick up a book of Party Tricks and begin reading...
  8756 | D:9      | You add the spells Apportation and Alistair's Intoxication
                  | to your library.
  8798 | D:9      | Reached skill level 3 in Shields
  8813 | D:9      | Found a staircase to the Orcish Mines.
  8892 | D:10     | Entered Level 10 of the Dungeon
  8922 | D:10     | Noticed Snorg
  8934 | D:10     | HP: 16/83 [komodo dragon (12)]
  8936 | D:10     | HP: 5/83 [Snorg (14)]
  8936 | D:10     | Mangled by a komodo dragon

Vanquished Creatures
  A two-headed ogre (D:9)
  An orc knight (Bailey)
  A hornet (D:9)
  A wyvern (D:9)
  A yak (D:8)
  2 steam dragons (D:8)
  An acid dragon (D:9)
  2 water moccasins
  11 orc warriors
  5 sky beasts
  A black bear (D:6)
  2 ogres
  A centaur (D:8)
  2 lemures (D:4)
  2 phantoms
  A bullfrog (D:9)
  A gnoll sergeant (D:8)
  A wight (D:6)
  8 killer bees
  2 howler monkeys
  An electric eel (D:6)
  3 hounds
  2 jellies (Sewer)
  2 orc priests
  3 gnoll boudas
  Crazy Yiuf (D:7)
  2 sleepcaps (D:6)
  Ijyb (D:4)
  3 iguanas
  10 orc wizards
  8 adders
  17 gnolls
  A shadow imp (D:7)
  8 white imps
  2 ufetubi
  2 worms
  2 dart slugs
  40 orcs
  10 ball pythons
  11 endoplasms
  7 giant cockroaches
  9 goblins
  6 hobgoblins
  4 jackals (D:2)
  18 kobolds
  5 quokkas
  9 bats
  2 frilled lizards
  7 rats
  A spectral hobgoblin (D:3)
244 creatures vanquished.

Vanquished Creatures (collateral kills)
  Pikel (D:4)
  An orc warrior (D:7)
  A scorpion (D:5)
  2 killer bees (D:9)
  A jelly (Sewer)
  A gnoll bouda (D:5)
  2 orc priests
  An orc wizard (D:8)
  4 orcs
  An endoplasm (Sewer)
15 creatures vanquished.

Vanquished Creatures (others)
  2 centaurs (D:6)
  A wight (D:6)
  A killer bee (D:9)
  An electric eel (D:8)
  21 jellies
  3 orc priests
  A sleepcap (D:6)
  An orc wizard (D:6)
  4 gnolls
  2 adders
  A shadow imp (D:7)
  3 white imps
  2 ufetubi
  18 orcs
  12 goblins
  2 hobgoblins
  7 kobolds (D:7)
82 creatures vanquished.

Grand Total: 341 creatures vanquished

Table legend:
 A = Non-vault XP
 B = Vault XP
 C = Vault XP percentage of total XP
 D = Non-vault monster count
 E = Vault monster count
 F = Vault count percentage of total count
                 A         B        C        D         E       F
            +---------+---------+-------+---------+---------+-------
      Total |    5215 |    4042 |  43.7 |     162 |      96 |  37.2
            +---------+---------+-------+---------+---------+-------
        D:1 |      30 |       0 |   0.0 |      18 |       0 |   0.0
        D:2 |      40 |      42 |  51.2 |      15 |       9 |  37.5
        D:3 |     100 |       8 |   7.4 |      23 |       3 |  11.5
        D:4 |      34 |     643 |  95.0 |       6 |       2 |  25.0
        D:5 |     385 |       0 |   0.0 |      19 |       0 |   0.0
        D:6 |     539 |     322 |  37.4 |      17 |       7 |  29.2
        D:7 |     792 |      88 |  10.0 |      11 |      11 |  50.0
        D:8 |     420 |     987 |  70.1 |      18 |       9 |  33.3
        D:9 |    2838 |      96 |   3.3 |      34 |       4 |  10.5
     Temple |      37 |     230 |  86.1 |       1 |       2 |  66.7
      Sewer |       0 |     187 | 100.0 |       0 |      24 | 100.0
     Bailey |       0 |    1439 | 100.0 |       0 |      25 | 100.0
            +---------+---------+-------+---------+---------+-------

Skill      XL: |  1  2  3  4  5  6  7  8  9 10 |
---------------+-------------------------------+-----
Throwing       | 2 3 |  3.0
Polearms       | 3 4 5 6 8 |  8.8
Dodging        | 3 4 5 6 8 |  8.8
Fighting       | 3 5 6 8 9 |  9.4
Shields        | 3 |  3.0

Action                     |  1- 3 |  4- 6 |  7- 9 | 10-12 || total
---------------------------+-------+-------+-------+-------++-------
  Melee: Trident           |   104 |   165 |   329 |   208 ||   806
         Kick              |    12 |     2 |       |       ||    14
         Punch             |       |     1 |       |       ||     1
         Headbutt          |       |       |    32 |    38 ||    70
  Throw: Javelin           |       |     1 |       |       ||     1
         Boomerang         |       |       |    19 |       ||    19
         Dart              |       |       |     8 |     6 ||    14
 Invoke: Slimify           |       |       |       |     2 ||     2
  Evoke: Wand              |       |     3 |    10 |       ||    13
    Use: Scroll            |       |     1 |    10 |     3 ||    14
         Potion            |       |       |     5 |     1 ||     6
   Stab: Sleeping          |     2 |       |     1 |     3 ||     6
         Distracted        |       |       |     1 |       ||     1
 Armour: Leather armour    |    28 |       |       |       ||    28
         Ring mail         |     1 |    49 |    76 |    38 ||   164
         Acid dragon scale |       |       |       |     5 ||     5
  Dodge: Dodged            |    58 |    69 |   179 |    68 ||   374
  Block: Other             |       |       |    20 |     5 ||    25
         Buckler           |       |       |       |    65 ||    65

Illustrated notes

Table legend:
 A = Kills in this place as a percentage of kills in the entire game.
 B = Kills by you in this place as a percentage of kills by you in the entire game.
 C = Kills by friends in this place as a percentage of kills by friends in the entire game.
 D = Other kills in this place as a percentage of other kills in the entire game.
 E = Experience gained in this place as a percentage of experience gained in the entire game.
 F = Experience gained in this place divided by the number of levels of this place that you have seen.
                   A       B       C       D       E      F
               +-------+-------+-------+-------+-------+----------------------
         Total | 100.0 | 100.0 | 100.0 | 100.0 | 100.0 | 712.1
       Dungeon |  79.8 |  79.3 |  86.7 | 100.0 |  79.6 | 736.4
        Temple |   1.2 |   1.2 |   0.0 |   0.0 |   2.9 | 267.0
         Sewer |   9.3 |   9.1 |  13.3 |   0.0 |   2.0 | 187.0
        Bailey |   9.7 |  10.3 |   0.0 |   0.0 |  15.5 | 1439.0
               +-------+-------+-------+-------+-------+----------------------

Table legend: (Time is in decaauts)
 A = Elapsed time spent in this place.
 B = Non-inter-level travel time spent in this place.
 C = Inter-level travel time spent in this place.
 D = Time resting spent in this place.
 E = Time spent auto-exploring this place.
 F = Levels seen in this place.
 G = Mean time per level.
                   A        B        C        D        E       F      G
               +--------+--------+--------+--------+--------+-----+--------+
         Total |   8992 |   8723 |    269 |    434 |   5944 |  13 |  691.7 |
       Dungeon |   7884 |   7615 |    269 |    275 |   5651 |  10 |  788.4 |
        Temple |     78 |     78 |      0 |     55 |      0 |   1 |   78.0 |
         Sewer |    387 |    387 |      0 |     77 |    167 |   1 |  387.0 |
        Bailey |    641 |    641 |      0 |     27 |    125 |   1 |  641.0 |
               +--------+--------+--------+--------+--------+-----+--------+

Top non-repeatable levels by time:
     D:7: 1154 daAuts
     D:2: 1109 daAuts
     D:3: 1036 daAuts
     D:4: 936 daAuts
     D:9: 892 daAuts
     D:8: 863 daAuts
     D:1: 772 daAuts
  Bailey: 641 daAuts
     D:6: 625 daAuts
     D:5: 450 daAuts
   Sewer: 387 daAuts
  Temple: 78 daAuts
    D:10: 42 daAuts
